cohdb
Replays
Latest Replays
All Replays
Popular Replays
Top Player Replays
Match Explorer
How It Works
Community
CoH3 Stats
Reddit
Sign in to upload your games and track your stats! →
Sign in with Steam
Match 45260724
Unlisted
Match 45260724
Overview
Messages
Build Orders
End
Construct Section Command Post
Dingo Light Scout Car
Dingo Light Scout Car
Infantry Section
Infantry Section
Construct Platoon Command Post
Infantry Training
Infantry Section
CMP 15cwt Truck
Infantry Section
Construct Company Command Post
Selects Indian Artillery Battlegroup
Selects Valour
Selects Gurkha Rifles Section
Crusader II Medium Tank
Selects Artillery Saturation
Selects Off-map Airburst Barrage
Crusader II Medium Tank
CeleStial_
LegendaireNic
고구마줄거리
旧时光
[PBS] Sigizmund
Homayoun98 [FOXES]
꿀뜨개Honeydipper
shadow 2 [FOXES]
0
0
Comments
sign in to comment!
No comments posted yet!